 Dungeon Crawl Stone Soup version 0.14-a0-848-g57a047c (webtiles) character file.

585 PolkaDot the Ruinous (level 6, -9/41 HPs)
             Began as a Vampire Conjurer on Nov 14, 2013.
             Mangled by an ogre
             ... wielding a +0,+0 giant spiked club
              (27 damage)
             ... on Level 4 of the Dungeon.
             The game lasted 00:15:53 (4376 turns).

PolkaDot the Ruinous (Vampire Conjurer)             Turns: 4376, Time: 00:15:53

HP  -9/41        AC  7     Str  7      XL: 6   Next: 59%
MP   5/10        EV 12     Int 16 (19) God:
Gold 173         SH  0     Dex 14      Spells:  2 memorised,  4 levels left

Res.Fire  : . . .   See Invis. : +   q - +2,+3 orc trident (protect)
Res.Cold  : + . .   Warding    : .   a - +0 robe
Life Prot.: + + .   Conserve   : .   (no shield)
Res.Poison: +       Res.Corr.  : .   (no helmet)
Res.Elec. : .       Clarity    : .   (no cloak)
Sust.Abil.: . .     Spirit.Shd : .   (no gloves)
Res.Mut.  : .       Stasis     : .   (no boots)
Res.Rott. : +       Flight     : .   (no amulet)
Saprovore : . . .                    (no ring)
                                     (no ring)

@: regenerating slowly, slightly resistant to hostile enchantments, stealthy
A: bottle blood, fangs 3, see invisible, unbreathing
a: Bat Form, Bottle Blood


You were on level 4 of the Dungeon.
You were thirsty.

You visited 1 branch of the dungeon, and saw 4 of its levels.

You collected 173 gold pieces.

Inventory:

Hand weapons
 q - a +2,+3 orcish trident of protection (weapon)
Armour
 a - a +0 robe (worn)
Scrolls
 f - a scroll of noise {unknown}
 g - 3 scrolls of identify {unknown}
 h - 3 scrolls of remove curse {unknown}
 j - a scroll of amnesia {unknown}
 k - 2 scrolls of blinking {unknown}
 l - a scroll of enchant weapon I {unknown}
 o - 6 scrolls of teleportation {unknown}
 p - a scroll of fear {unknown}
Potions
 b - a potion of restore abilities {unknown}
 e - 2 potions of curing
 i - a potion of agility
Books
 c - a book of Conjurations

   Spells                             Type                      Level
   *Magic Dart                        Conjuration                  1
   *Searing Ray                       Conjuration                  2
   Dazzling Spray                     Conjuration/Hexes            3
   Iskenderun's Mystic Blast          Conjuration                  4
   Iskenderun's Battlesphere          Conjuration/Charms           4
   Fulminant Prism                    Conjuration/Hexes            5


   Skills:
 - Level 2.1 Dodging
 - Level 3.0 Stealth
 - Level 1.0 Spellcasting
 * Level 6.0 Conjurations


You had 4 spell levels left.
You knew the following spells:

 Your Spells              Type           Power        Failure   Level  Hunger
a - Magic Dart            Conj           ###.         1%          1    ##.....
s - Searing Ray           Conj           ###...       3%          2    ###....


Dungeon Overview and Level Annotations

Branches:
Dungeon (4/16)
 Temple: D:4-7

Altars:
Ashenzari
Kikubaaqudgha


Innate Abilities, Weirdness & Mutations

You heal slowly.
You can bottle blood from corpses.
You have razor-sharp teeth.*
You have supernaturally acute eyesight.
You can survive without breathing.*


Message History

You kill the goblin!
Casting: Searing Ray
Confirm with . or Enter, or press ? or * to list all spells.
Aiming: Searing Ray
Press: ? - help, Shift-Dir - straight line, f - ogre
Aim: an ogre, wielding a giant spiked club The searing ray hits the ogre.
The ogre is lightly wounded.
You are feeling thirsty.
The searing ray hits the ogre.
The ogre is moderately wounded.
The searing ray hits the ogre.
The ogre is heavily wounded.
The ogre hits you with a giant spiked club!
Ouch! That really hurt!
The searing ray hits the ogre.
The ogre is severely wounded.
The ogre hits you with a giant spiked club!
Ouch! That really hurt!
You die...

#.# .
#........#
#.#
#........##
#.#
##..#.#...#
#.#
#.)#.#...#
#.#
#..#.....#
#.#
#..###...#
#.# #..#
#...# ..#
#..# #...#
#@.# #...#
#.O.# #####
#...# #...#
#...# #...#
....# ....#
...


You could see an ogre.

Vanquished Creatures
  The ghost of miro the Magician, an average HEWz (D:3)
  An ogre (D:4)
  A hound (D:3)
  A crimson imp (D:2)
  Ijyb (D:2)
  Jessica (D:2)
  Terence (D:2)
  4 adders
  An inept feature mimic (D:2)
  A white imp (D:3)
  3 worms
  2 giant geckos (D:3)
  An ooze (D:1)
  10 orcs (D:3)
  A giant cockroach (D:2)
  5 hobgoblins
  7 kobolds
  3 ball pythons
  8 bats
  2 giant newts (D:3)
  3 goblins
  A rat (D:2)
  A butterfly (D:4)
60 creatures vanquished.

Vanquished Creatures (others)
  A human (D:3)
1 creature vanquished.

Grand Total: 61 creatures vanquished

Notes
Turn   | Place    | Note
--------------------------------------------------------------
     0 | D:1      | PolkaDot, the Vampire Conjurer, began the quest for the Orb.
     0 | D:1      | Reached XP level 1. HP: 13/13 MP: 4/4
    48 | D:1      | Found a shattered altar of Ashenzari.
   615 | D:1      | Reached XP level 2. HP: 16/19 MP: 0/5
   915 | D:2      | Noticed Jessica
   976 | D:2      | Killed Jessica
   976 | D:2      | Reached XP level 3. HP: 24/24 MP: 0/6
  1160 | D:2      | Noticed Ijyb
  1183 | D:1      | Learned a level 2 spell: Searing Ray
  1228 | D:2      | Noticed Terence
  1518 | D:2      | Reached skill level 4 in Conjurations
  1805 | D:2      | Killed Ijyb
  1805 | D:2      | Reached XP level 4. HP: 30/30 MP: 2/8
  2674 | D:2      | Killed Terence
  2906 | D:2      | Reached XP level 5. HP: 33/35 MP: 4/9
  2964 | D:3      | Found an ancient bone altar of Kikubaaqudgha.
  3157 | D:3      | Reached skill level 5 in Conjurations
  3397 | D:3      | Noticed miro's ghost (average HEWz)
  3484 | D:3      | Killed miro's ghost
  3484 | D:3      | Reached XP level 6. HP: 41/41 MP: 5/10
  4326 | D:4      | Reached skill level 6 in Conjurations
  4376 | D:4      | Mangled by an ogre

Action                   |  1- 3 |  4- 6 || total
-------------------------+-------+-------++-------
Melee: Unarmed           |    12 |       ||    12
       Whip              |       |     5 ||     5
       Trident           |       |    36 ||    36
 Cast: Magic Dart        |    40 |    62 ||   102
       Searing Ray       |     2 |    21 ||    23
  Use: Potion            |       |     8 ||     8
       Scroll            |       |     1 ||     1
 Stab: Distracted        |       |     1 ||     1
